 Seeded DCSS version 0.29.1-12-g30fa7ad0bf (webtiles) character file.

Game seed: 20230105 (custom seed)

7518 stormannn the Destroyer (level 10, -18/83 HPs)
             Began as a Demigod Conjurer on Jan 5, 2023.
             Demolished by a boulder beetle (21 damage)
             ... on level 10 of the Dungeon.
             The game lasted 00:40:21 (14971 turns).

stormannn the Destroyer (Demigod Conjurer)         Turns: 14971, Time: 00:40:22

Health: -18/83     AC: 12    Str:  8    XL:     10   Next: 64%
Magic:  26/26      EV: 14    Int: 34    God:
Gold:   674        SH:  0    Dex: 20    Spells: 18/25 levels left

rFire   . . .      SeeInvis .   E - +6 long sword of Divy {drain, *Rage Will++ Int+2}
rCold   . . .      Faith    .   (no shield)
rNeg    + . .      Spirit   .   w - +0 steam dragon scales
rPois   .          Reflect  .   (no helmet)
rElec   .          Harm     .   s - +2 cloak "Zooblatz" {*Corrode Fly rN+ Dex+2}
rCorr   .          Rampage  .   I - +0 pair of gloves
Will    ++++.      Rage     20% F - +2 pair of boots
Stlth   ++........              i - amulet of the acrobat
HPRegen 0.23/turn               d - ring of willpower
MPRegen 0.20/turn               y - +6 ring of dexterity

@: about to teleport, flying
A: high MP 1, forlorn, divine attributes
a: no special abilities


You were on level 10 of the Dungeon.
You visited 1 branch of the dungeon, and saw 10 of its levels.

You collected 674 gold pieces.

Inventory:

Hand Weapons
 B - a +3 antimagic spear
 E - the +6 long sword of Divy (weapon) {drain, *Rage Will++ Int+2}
   (You found it on level 9 of the Dungeon)

   A truly terrible weapon, it drains the life of any living foe it strikes.
   Int:       It affects your intelligence (+2).
   *Rage:     It berserks you when you make melee attacks (+20% chance).
   Will:      It greatly increases your willpower.
 H - the +5 quarterstaff "Temup" {antimagic, Will+ Str+4}
   (You found it on level 10 of the Dungeon)

   It reduces the magical energy of the wielder, and disrupts the spells and
   magical abilities of those it strikes.
   Natural abilities and divine invocations are not affected.
   Str:       It affects your strength (+4).
   Will:      It increases your willpower.
Missiles
 e - 2 silver javelins
 C - 8 poisoned darts
Armour
 s - the +2 cloak "Zooblatz" (worn) {*Corrode Fly rN+ Dex+2}
   (You found it on level 5 of the Dungeon)

   Dex:       It affects your dexterity (+2).
   rN:        It protects you from negative energy.
   Fly:       It grants you flight.
   *Corrode:  It may corrode you when you take damage.
 w - +0 steam dragon scales (worn)
 A - a +0 kite shield
 D - an orb of energy
 F - a +2 pair of boots (worn)
 G - +0 acid dragon scales
 I - a +0 pair of gloves (worn)
Magical Staves
 a - a staff of cold
Jewellery
 d - a ring of willpower (left hand)
 i - an amulet of the acrobat (around neck)
 y - a +6 ring of dexterity (right hand)
Wands
 q - a wand of roots (4)
 r - a wand of flame (37)
Scrolls
 h - 5 scrolls of identify
 o - 2 scrolls of amnesia
 t - a scroll of brand weapon
Potions
 c - 5 potions of invisibility
 f - 2 potions of resistance
 g - 4 potions of flight
 j - 4 potions of lignification
 k - a potion of ambrosia
 m - a potion of haste
 n - a potion of curing
 p - 2 potions of cancellation
 v - a potion of mutation
 x - a potion of brilliance
 z - a potion of berserk rage


   Skills:
 + Level 5.7 Fighting
 - Level 4.0 Dodging
 - Level 1.7 Stealth
 + Level 3.2 Shields
 + Level 8.3 Spellcasting
 * Level 8.9 Conjurations
 - Level 6.0 Translocations


You had 18 spell levels left.
You knew the following spells:

 Your Spells              Type           Power      Damage    Failure   Level
a - Magic Dart            Conj           100%       1d8       1%          1
b - Searing Ray           Conj           100%       2d8       1%          2
c - Iskenderun's Mystic   Conj/Tloc      60%        2d13      1%          4

Your spell library contained the following spells:

 Spells                   Type           Power      Damage    Failure   Level
 Apportation              Tloc           100%       N/A       1%          1
 Foxfire                  Conj/Fire      100%       2x1d9     1%          1
 Conjure Flame            Conj/Fire      44%        6-21      1%          3
 Dazzling Flash           Conj/Hex       88%        N/A       1%          3
 Portal Projectile        Hex/Tloc       68%        N/A       2%          3
 Freeze                   Ice            56%        1d7       3%          1
 Necrotise                Necr           56%        1d6       3%          1
 Summon Small Mammal      Summ           56%        N/A       3%          1
 Flame Wave               Conj/Fire      44%        2d11      4%          4
 Fulminant Prism          Conj/Hex       22%        3d13      4%          4
 Hailstorm                Conj/Ice       44%        3d10      4%          4
 Frozen Ramparts          Ice            28%        1d5       10%         3
 Inner Flame              Hex/Fire       14%        N/A       10%         3
 Tukima's Dance           Hex            14%        N/A       10%         3
 Lightning Bolt           Conj/Air       22%        1d37      14%         5
 Airstrike                Air            7%         2d(1-17)  30%         4
 Petrify                  Tmut/Erth      14%        N/A       30%         4
 Summon Lightning Spire   Summ/Air       14%        N/A       30%         4
 Dispersal                Tloc           26%        N/A       38%         6
 Blade Hands              Tmut           7%         N/A       65%         5
 Metabolic Englaciation   Hex/Ice        7%         N/A       65%         5
 Statue Form              Tmut/Erth      9%         N/A       99%         6
 Disjunction              Tloc           26%        N/A       100%        8


Dungeon Overview and Level Annotations

Branches:
Dungeon (10/15)            Temple (0/1) D:4
   Lair: D:8-11         Orc: D:9-12

Annotations:
D:7 exclusion: downstairs
D:8 exclusion: upstairs


Innate Abilities, Weirdness & Mutations

You have an increased reservoir of magic. (+10% MP)
You shall have no god before yourself.
Your divine heritage dramatically boosts your attributes as you level up.


Message History

You erupt in a blast of force!
The mystic blast hits the boulder beetle but does no damage.
The boulder beetle is moderately wounded.
The boulder beetle closely misses you.
As you read the scroll of teleportation, it crumbles to dust.
You feel strangely unstable. The boulder beetle bites you!!
* * * LOW HITPOINT WARNING * * *
Okay, then.
You feel yourself speed up.
The boulder beetle leaps!
Your surroundings suddenly seem different.
You start resting.
Your extra speed is starting to run out.
You start resting.
You feel yourself slow down.
You start resting.
Magic restored.
You start resting.
HP restored.
You reach down and open the door.
There is an open door here.
The boulder beetle curls into a ball and begins rolling!
The boulder beetle completely misses you.
The boulder beetle stops rolling and uncurls.
The boulder beetle curls into a ball and begins rolling!
The boulder beetle attacks as you move away!
The boulder beetle hits you!!
The boulder beetle stops rolling and uncurls.
A komodo dragon comes into view.
The boulder beetle curls into a ball and begins rolling!
The komodo dragon closely misses you.
The komodo dragon completely misses you.
The boulder beetle hits you!
The boulder beetle stops rolling and uncurls.
The komodo dragon bites you!!
* * * LOW HITPOINT WARNING * * *
As you read the scroll of teleportation, it crumbles to dust.
You feel strangely unstable. The komodo dragon bites you!!
* * * LOW HITPOINT WARNING * * *
The boulder beetle bites you!!
You die...

#.......## #.###..#
####.....+..#......#
...#.#...#..#....?.#
...#.#<..# .'......#
####.....# #......#
.....##### #... #.#
.....# ..#...##.#
.....# ...#....B.#
.....# #..'...@l.#
.#...# #+##.####.#
.#...# #.####.#
.....### #...°..#
......... #..°...#
########.# #......#
########. #......#
......... #......#
....#### #......#


You could see a boulder beetle and a komodo dragon.

Vanquished Creatures
  2 two-headed ogres
  A centaur warrior (D:10)
  A gargoyle (D:10)
  Maggie (D:9)
  A hornet (D:10)
  2 trolls
  2 yaks (D:10)
  A wyvern (D:10)
  A steam dragon (D:7)
  A vampire mosquito (D:10)
  An acid dragon (D:10)
  A water moccasin (D:7)
  2 orc warriors
  2 black bears
  2 ogres (D:6)
  2 ice beasts
  2 centaurs
  A kobold brigand (D:4)
  5 bullfrogs
  A necrophage (D:6)
  9 gnoll sergeants
  5 wights (D:6)
  16 killer bees
  2 lava snakes (D:9)
  4 gnoll boudas
  3 orc priests
  3 hounds
  2 jellies
  An iguana (D:5)
  5 orc wizards
  17 gnolls
  6 adders
  A white imp (D:7)
  2 dart slugs
  22 orcs
  10 endoplasms
  2 giant cockroaches (D:1)
  9 goblins
  6 hobgoblins
  4 jackals (D:2)
  4 kobolds
  7 quokkas
  2 ball pythons
  8 bats
  6 frilled lizards
  6 rats
194 creatures vanquished.

Vanquished Creatures (others)
  6 plants
6 creatures vanquished.

Grand Total: 200 creatures vanquished

Notes
Turn   | Place    | Note
-------+----------+-------------------------------------------
     0 | D:1      | stormannn the Demigod Conjurer began the quest for the Orb.
     0 | D:1      | Reached XP level 1. HP: 14/14 MP: 5/5
   252 | D:1      | Reached XP level 2. HP: 20/20 MP: 4/7
   459 | D:1      | Reached skill level 1 in Translocations
  1665 | D:2      | Reached XP level 3. HP: 26/26 MP: 4/8
  1668 | D:2      | Learned a level 2 spell: Searing Ray
  3548 | D:3      | Reached XP level 4. HP: 33/33 MP: 6/9
  3625 | D:3      | Learned a level 4 spell: Iskenderun's Mystic Blast
  4248 | D:4      | Found a staircase to the Ecumenical Temple.
  4386 | D:4      | Reached XP level 5. HP: 38/38 MP: 6/10
  4427 | D:4      | Reached skill level 5 in Conjurations
  4847 | D:4      | Reached XP level 6. HP: 39/45 MP: 6/11
  5507 | D:5      | Entered Level 5 of the Dungeon
  5880 | D:5      | Identified the +2 cloak "Zooblatz" {*Corrode Fly rN+ Dex+2}
  6570 | D:6      | Reached skill level 5 in Translocations
  6570 | D:6      | Reached XP level 7. HP: 50/50 MP: 7/13
  6975 | D:6      | Reached XP level 8. HP: 32/57 MP: 2/17
  7154 | D:6      | You are sucked into a shaft and drop 1 floor!
  7628 | D:6      | Reached skill level 5 in Spellcasting
  9008 | D:7      | Reached skill level 1 in Fighting
  9367 | D:7      | Reached XP level 9. HP: 67/67 MP: 16/22
  9911 | D:8      | Noticed a boulder beetle
 11802 | D:9      | Identified the +6 long sword of Divy {drain, *Rage Will++
                  | Int+2}
 11946 | D:9      | Noticed Maggie
 11974 | D:9      | Killed Maggie
 12250 | D:9      | Identified the +6 flail "Qouhiep" {vorpal, Int+4}
 12661 | D:9      | Noticed a two-headed ogre
 12687 | D:9      | Killed a two-headed ogre
 12688 | D:9      | Reached skill level 1 in Shields
 12688 | D:9      | Reached XP level 10. HP: 80/80 MP: 8/25
 12878 | D:10     | Entered Level 10 of the Dungeon
 13072 | D:10     | Noticed a centaur warrior
 13084 | D:10     | Killed a centaur warrior
 13085 | D:10     | Reached skill level 5 in Fighting
 13136 | D:10     | Noticed a centaur warrior
 13447 | D:10     | Noticed a two-headed ogre
 13458 | D:10     | Killed a two-headed ogre
 13606 | D:10     | Identified the +5 quarterstaff "Temup" {antimagic, Will+
                  | Str+4}
 13954 | D:10     | Noticed a boulder beetle
 14971 | D:10     | HP: 3/83 [komodo dragon (20)]
 14971 | D:10     | Demolished by a boulder beetle

Illustrated notes

Levels and vault maps discovered:
D:1:      heliophobic_arrival_battle_scene, layout_basic,
          shapermc_ecumenical_altar_mp_vishouse, minmay_pentomino_x2
D:2:      layout_basic, roderic_lattice_a
D:3:      layout_basic, serial_bayou_ford_a, small_statue_intersection
D:4:      layout_loops_corners, minmay_temple_entry_overgrown, serial_forest,
          infiniplex_forest_lined_3, infiniplex_forest_lined_3,
          infiniplex_forest_clump_cross, infiniplex_forest_end_double,
          infiniplex_forest_end_3, infiniplex_forest_lined_2,
          minmay_misc_feat_chi, kennysheep_potato
D:5:      layout_rooms, kennysheep_generic_room_4
D:6:      layout_basic, mainiacjoe_overflow_concentric_impassable,
          nicolae_eternal_life, minmay_misc_feat_tower,
          dreamdust_princess_corridor, pf_guarded_unrand_woodcutter
D:7:      layout_loops_ring, mainiacjoe_overflow_six_doors_small,
          grunt_ministairs_2, minmay_misc_feat_columns
D:8:      layout_cave_pods, grunt_ministairs_11
D:9:      layout_small_grid, kennysheep_mini, kennysheep_big_empty_room,
          chequers_serial_rivers_room_b, uniq_maggie
D:10:     minmay_ornate_pinched, layout_stronghold, grunt_temple_overflow_open

Skill      XL: |  1  2  3  4  5  6  7  8  9 10 |
---------------+-------------------------------+-----
Translocations | 1 2 3 5 6 |  6.0
Spellcasting   | 2 4 6 7 8 |  8.3
Conjurations   | 4 5 6 7 8 |  8.9
Dodging        | 2 4 |  4.0
Fighting       | 2 4 5 |  5.7
Shields        | 1 3 |  3.2
Stealth        | |  1.7

Action                   |  1- 3 |  4- 6 |  7- 9 | 10-12 || total
-------------------------+-------+-------+-------+-------++-------
Melee: Unarmed           |    15 |       |       |       ||    15
       Punch             |     1 |       |       |       ||     1
       Flail             |       |     6 |       |       ||     6
       Whip              |       |       |     6 |       ||     6
       Long sword        |       |       |     2 |     1 ||     3
 Cast: Magic Dart        |   116 |    73 |   141 |    10 ||   340
       Searing Ray       |       |    11 |    72 |    34 ||   117
       Iskenderun's Myst |       |       |     2 |    11 ||    13
Evoke: Wand              |       |       |     2 |     6 ||     8
  Use: Scroll            |     7 |     7 |     6 |     5 ||    25
       Potion            |       |       |     4 |     4 ||     8
Armor: Robe              |     8 |     5 |     3 |       ||    16
       Steam dragon scal |       |       |    20 |    14 ||    34
Dodge: Dodged            |    23 |    21 |   153 |    95 ||   292
